Map: Old Republic LE

Players

Clem - Winner!

  • Race: Terran Terran

Reynor

  • Race: Zerg Zerg

VOD

Have the link to the VOD?

Description

Time

  • Played on: Jan. 17, 2026, 11:39 p.m.
  • Length: 11:09
Show
View Real Time Build Order
Export as new Build Order

Clem Terran - Winner!

Build Orders: 2 Factory, Command Center First 

Get SALT Encoding   

  12  0:00  SCV  
  13  0:12  SCV  
  14  0:16  Supply Depot  
  14  0:24  SCV  
  15  0:38  SCV  
  16  0:50  SCV  
  17  0:57  Command Center  
  17  1:02  SCV  
  18  1:11  Barracks  
  18  1:14  SCV  
  19  1:27  SCV  
  20  1:39  SCV  
  21  1:46  Command Center  
  21  1:51  SCV  
  22  1:59  Marine  
  23  2:03  Orbital Command  
  23  2:10  Orbital Command  
  23  2:16  Marine  
  23  2:18  Refinery  
  24  2:23  Refinery  
  24  2:29  SCV  
  25  2:34  Marine  
  25  2:35  SCV  
  27  2:39  Refinery  
  27  2:41  SCV  
  28  2:47  SCV  
  29  2:52  Marine  
  29  2:53  SCV  
  29  2:54  Refinery  
  31  2:59  Orbital Command  
  31  3:00  SCV  
  31  3:05  Factory  
  32  3:06  SCV  
  32  3:10  Barracks Reactor  
  33  3:13  SCV  
  33  3:18  SCV  
  35  3:22  Supply Depot  
  35  3:24  Factory  
  35  3:25  SCV x2  
  37  3:30  SCV  
  38  3:35  Factory  
  38  3:39  SCV  
  39  3:41  SCV  
  39  3:44  SCV  
  41  3:51  SCV  
  41  3:54  Supply Depot, Hellion x2  
  41  3:55  Barracks Tech Lab  
  46  3:56  SCV  
  46  4:00  SCV  
  48  4:04  SCV  
  48  4:07  Factory  
  48  4:09  Factory  
  49  4:11  SCV  
  49  4:12  SCV  
  49  4:16  Hellion x2  
  55  4:18  SCV  
  55  4:22  Cyclone  
  59  4:24  Factory Tech Lab  
  59  4:25  SCV  
  59  4:27  SCV  
  59  4:31  Mag-Field Accelerator, Supply Depot  
  61  4:33  SCV  
  62  4:40  Supply Depot  
  62  4:41  SCV, Hellion  
  62  4:42  Hellion  
  62  4:45  SCV  
  68  4:47  Orbital Command  
  68  4:53  Infernal Pre-Igniter, Cyclone  
  68  4:55  Factory Tech Lab, Factory Reactor  
  68  4:56  SCV  
  68  4:57  SCV  
  73  5:00  Supply Depot  
  73  5:02  Factory Tech Lab  
  73  5:03  Cyclone  
  76  5:08  SCV  
  76  5:09  Hellion, SCV  
  76  5:11  Hellion  
  76  5:13  SCV  
  83  5:15  Supply Depot  
  83  5:20  SCV  
  84  5:21  Cyclone  
  84  5:22  Supply Depot  
  84  5:23  SCV  
  84  5:26  Armory  
  88  5:29  SCV  
  88  5:31  Cyclone  
  88  5:33  Supply Depot  
  92  5:36  SCV  
  92  5:37  Hellion  
  92  5:38  Hellion  
  92  5:42  Cyclone  
  100  5:44  SCV x2  
  100  5:45  Hellion  
  100  5:49  Supply Depot  
  104  5:50  Hellion, SCV  
  104  5:55  Supply Depot  
  107  6:00  Cyclone  
  107  6:01  Supply Depot, SCV x2  
  112  6:06  Hellion x2  
  112  6:10  Supply Depot  
  116  6:12  Supply Depot  
  116  6:14  Cyclone  
  116  6:16  Hellion  
  121  6:18  Terran Vehicle And Ship Armor Level 1  
  121  6:24  Hellion  
  121  6:25  Supply Depot, Bunker  
  123  6:29  Cyclone  
  126  6:33  Cyclone, Hellion  
  126  6:36  SCV  
  126  6:38  SCV  
  127  6:40  Engineering Bay  
  127  6:41  SCV  
  127  6:45  Starport  
  127  6:46  Cyclone  
  129  6:48  Hellion  
  129  6:54  Hellion, SCV  
  130  6:55  SCV  
  130  6:56  SCV  
  130  7:01  Cyclone  
  130  7:05  Cyclone  
  130  7:06  Hellion, SCV  
  130  7:07  SCV  
  133  7:09  SCV  
  133  7:11  Hellion  
  134  7:16  Hellion  
  134  7:18  Cyclone  
  134  7:19  SCV x2  
  134  7:22  Starport Tech Lab, Supply Depot  
  141  7:29  Command Center  
  141  7:36  Cyclone  
  140  7:38  Widow Mine  
  140  7:40  Cyclone  
  140  7:43  Raven  
  145  7:45  SCV, Supply Depot  
  145  7:46  SCV x2  
  145  7:48  Refinery  
  145  7:49  Refinery  
  145  7:50  Hellion  
  150  7:53  Hellion  
  150  7:54  Hellion  
  150  7:58  Supply Depot  
  154  7:59  Cyclone  
  154  8:04  Missile Turret  
  155  8:08  Cyclone  
  155  8:09  Hellion, SCV  
  160  8:13  Hellion, Supply Depot  
  160  8:16  SCV  
  163  8:23  Supply Depot  
  163  8:24  Cyclone  
  166  8:29  Hellion x2  
  166  8:31  Cyclone  
  173  8:40  Hellion, Cyclone  
  155  8:44  Hellion  
  155  8:47  Medivac  
  154  8:52  Hellion x2  
  150  8:56  Cyclone  
  150  9:02  Hellion  
  148  9:03  Cyclone  
  148  9:05  Hellion  
  148  9:06  Factory  
  148  9:07  Factory  
  148  9:08  SCV  
  144  9:12  Cyclone  
  144  9:15  Hellion x2  
  144  9:16  Factory  
  147  9:17  SCV  
  147  9:19  SCV  
  147  9:23  Hellion  
  137  9:24  SCV  
  137  9:28  Cyclone  
  131  9:32  Refinery x2  
  131  9:33  Hellion  
  131  9:35  Raven, Cyclone  
  131  9:37  Hellion, SCV  
  137  9:41  Orbital Command  
  137  9:42  Hellion  
  137  9:45  Cyclone  
  130  9:54  Factory Tech Lab x2  
  130  9:55  Hellion x2  
  132  10:00  Cyclone  
  132  10:03  Hellion  
  132  10:06  Command Center  
  131  10:07  Cyclone  
  131  10:10  Hellion  
  131  10:12  SCV x2  
  131  10:14  SCV x2  
  134  10:17  Cyclone, Hellion x2  
  134  10:20  Cyclone  
  135  10:21  Cyclone  
  135  10:24  SCV  
  135  10:27  Hellion  
  141  10:32  Cyclone  
  141  10:34  Hellion  
  140  10:42  Hellion  
  138  10:46  Command Center  
  138  10:47  Hellion, Factory Reactor  
Show
View Real Time Build Order
Export as new Build Order

Reynor Zerg 

Build Orders: Hatch First 

Get SALT Encoding   

  12  0:00  Drone  
  13  0:09  Drone  
  14  0:14  Extractor  
  14  0:15  Drone  
  15  0:22  Overlord  
  15  0:40  Drone  
  16  0:45  Hatchery  
  16  0:49  Drone  
  16  0:52  Drone  
  16  0:56  Drone  
  18  1:07  Extractor  
  17  1:12  Spawning Pool  
  17  1:15  Drone  
  17  1:18  Drone  
  18  1:27  Drone  
  19  1:37  Drone  
  20  1:47  Drone  
  21  1:58  Queen  
  21  1:59  Zergling x4, Queen  
  27  2:13  Hatchery  
  26  2:19  Overlord  
  26  2:21  Drone  
  27  2:24  Drone  
  28  2:38  Drone x3  
  28  2:41  Drone  
  28  2:42  Drone  
  33  2:51  Overlord  
  33  2:53  Drone  
  33  2:56  Queen  
  36  3:08  Queen  
  36  3:09  Drone x2  
  36  3:12  Drone x2  
  42  3:13  Drone  
  42  3:15  Drone  
  44  3:22  Roach Warren  
  44  3:23  Drone  
  44  3:25  Drone  
  46  3:27  Drone  
  46  3:30  Queen  
  46  3:34  Pneumatized Carapace  
  48  3:36  Drone  
  48  3:39  Extractor  
  48  3:40  Drone  
  48  3:41  Drone  
  50  3:44  Overlord  
  50  3:47  Overlord  
  50  3:58  Lair  
  50  4:02  Overlord  
  50  4:04  Drone  
  50  4:05  Drone  
  50  4:06  Drone x3  
  50  4:07  Drone  
  56  4:11  Drone x3  
  59  4:17  Roach x3  
  59  4:20  Overlord  
  59  4:22  Drone  
  66  4:26  Drone  
  66  4:29  Roach x2  
  66  4:31  Overlord  
  71  4:37  Drone x2  
  73  4:39  Drone x2  
  73  4:41  Drone  
  73  4:42  Drone  
  73  4:43  Drone, Overlord  
  78  4:47  Extractor  
  78  4:49  Roach  
  78  4:50  Extractor  
  78  4:53  Roach x3, Extractor  
  83  5:01  Overlord  
  83  5:02  Drone, Glial Reconstitution  
  83  5:04  Drone  
  85  5:11  Overlord  
  85  5:13  Drone x3  
  88  5:14  Drone  
  88  5:15  Drone, Hatchery  
  88  5:19  Overlord  
  89  5:22  Burrow  
  89  5:23  Drone x2  
  89  5:27  Roach x2  
  89  5:28  Roach  
  97  5:31  Roach  
  97  5:32  Roach  
  97  5:34  Overlord  
  101  5:38  Roach  
  103  5:45  Roach x4  
  103  5:47  Overlord  
  115  5:50  Roach x2  
  115  5:56  Roach  
  115  5:57  Roach x3  
  123  6:00  Overlord  
  123  6:03  Roach  
  123  6:04  Roach  
  127  6:06  Overlord  
  127  6:08  Roach  
  129  6:15  Drone x5  
  129  6:16  Drone  
  137  6:18  Roach x2  
  137  6:20  Roach  
  137  6:21  Roach  
  137  6:23  Tunneling Claws  
  137  6:24  Overlord  
  137  6:25  Hatchery  
  140  6:27  Drone  
  140  6:28  Drone  
  140  6:31  Drone x2  
  140  6:32  Roach  
  139  6:40  Roach x8  
  139  6:41  Overlord  
  139  6:44  Drone x6  
  138  6:47  Infestation Pit  
  138  6:50  Drone x2  
  134  6:59  Roach x4  
  130  7:06  Roach x6  
  132  7:15  Roach x3  
  138  7:17  Extractor  
  138  7:18  Roach x3  
  138  7:20  Drone  
  142  7:27  Infestor x2  
  146  7:35  Infestor x2  
  149  7:37  Drone  
  149  7:38  Drone  
  149  7:42  Drone  
  149  7:44  Metabolic Boost, Roach  
  152  7:45  Drone x4  
  152  7:46  Drone x3  
  152  7:47  Overlord, Hatchery  
  158  7:52  Drone  
  158  7:54  Hive  
  158  7:55  Overlord  
  158  7:56  Drone  
  160  8:01  Overlord  
  160  8:03  Drone x4  
  164  8:07  Drone  
  164  8:10  Baneling Nest, Evolution Chamber x2  
  160  8:18  Infestor x2  
  164  8:22  Extractor  
  164  8:23  Zergling x20, Extractor  
  172  8:27  Ravager x2  
  172  8:29  Overlord  
  172  8:32  Roach x4  
  174  8:39  Roach x8  
  162  8:43  Queen  
  162  8:48  Roach x6  
  157  8:49  Zergling x6  
  157  8:52  Roach  
  157  8:53  Roach  
  154  8:59  Roach x3  
  154  9:00  Zergling x4  
  151  9:03  Roach  
  151  9:04  Roach  
  151  9:08  Roach x3, Zergling x2  
  131  9:10  Roach x3  
  131  9:12  Roach x3  
  131  9:15  Roach x2  
  129  9:17  Roach x5  
  129  9:19  Queen  
  129  9:22  Roach x5  
  129  9:23  Roach  
  124  9:25  Roach x2  
  113  9:31  Roach  
  113  9:34  Roach x2  
  117  9:38  Roach x3  
  117  9:41  Roach x2  
  111  9:47  Roach x4  
  111  9:50  Roach x3  
  115  9:57  Roach x4  
  103  10:07  Roach x3  
  103  10:10  Roach  
  103  10:12  Queen  
  107  10:17  Roach  
  107  10:20  Roach x2, Zergling x6  
  110  10:24  Roach x4  
  108  10:32  Roach x4, Zergling x2  
  113  10:42  Roach x4  
  113  10:49  Roach  
Tags
 
Add a new tag
Caveats
  • Supply blocks, unpowered buildings, or Contaminate may cause inaccurate times.
  • Supply counts are checked every 10 seconds.